 Dungeon Crawl Stone Soup version 0.22.1-2-g9c5b331 (webtiles) character file.

51 MalarOregon the Insei (level 3, 0/27 HPs)
             Began as a Merfolk Transmuter on Nov 24, 2018.
             Slain by a worker ant (2 damage)
             ... on level 4 of the Dungeon.
             The game lasted 00:02:31 (1634 turns).

MalarOregon the Insei (Merfolk Transmuter)          Turns: 1634, Time: 00:02:32

Health: 0/27       AC:  4    Str: 10    XL:     3   Next: 81%
Magic:  6/6        EV: 19    Int: 18    God:
Gold:   36         SH:  0    Dex: 19    Spells: 0/6 levels left

rFire    . . .     SeeInvis .   d - +0 spear
rCold    . . .     Gourm    .   (no shield)
rNeg     . . .     Faith    .   b - +0 robe
rPois    .         Spirit   .   j - +1 helmet
rElec    .         Reflect  .   (no cloak)
rCorr    .         Harm     .   (no gloves)
MR       .....                  (no boots)
Stlth    +++.......             (no amulet)
HPRegen  0.09/turn              (no ring)
MPRegen  0.10/turn              (no ring)

@: brilliant, agile, lethally poisoned (0 -> -7)
A: change form in water, swift swim, stealthy swim
a: no special abilities


You were on level 4 of the Dungeon.
You were very hungry.

You visited 1 branch of the dungeon, and saw 3 of its levels.

You collected 36 gold pieces.

Inventory:

Hand Weapons
 d - a +0 spear (weapon)
   (You found it on level 1 of the Dungeon)
Missiles
 a - 12 arrows
Armour
 b - a +0 robe (worn)
 j - a +1 helmet (worn)
   (You found it on level 1 of the Dungeon)
Scrolls
 c - 2 scrolls of blinking {unknown}
 f - a scroll of random uselessness {unknown}
 g - 2 scrolls of remove curse {unknown}
 i - a scroll of enchant weapon {unknown}
 k - 2 scrolls of noise {unknown}
 l - a scroll of fear {unknown}
Potions
 n - a potion of brilliance
Comestibles
 e - 6 rations {!d}


   Skills:
 + Level 2.0 Fighting
 + Level 1.0 Polearms
 + Level 3.3 Dodging
 + Level 3.6 Unarmed Combat
 + Level 2.3 Spellcasting
 + Level 3.2 Transmutations
 + Level 0.0 Poison Magic


You couldn't memorise any spells.
You knew the following spells:

 Your Spells              Type           Power        Failure   Level  Hunger
a - Beastly Appendage     Tmut           ###...       1%          1    #......
s - Sticks to Snakes      Tmut           ###.....     1%          2    ##.....
x - Spider Form           Tmut/Pois      ###.......   3%          3    ###....

Your spell library contained the following spells:

 Spells                   Type           Power        Failure   Level  Hunger
 Ice Form                 Ice/Tmut       ###.....     10%         4    #####..
 Blade Hands              Tmut           ###.......   13%         5    ######.


Dungeon Overview and Level Annotations

Branches:
Dungeon (2/15)

Altars:
Okawaru
The Shining One


Message History

You open the door.
Found 7 gold pieces.
Found a ration.
There is an open door here.
You fall through a shaft for 2 floors!
The shaft crumbles and collapses.
Found a ration.
Unknown command.
Found a blackened fluorescent wand.
Found 8 gold pieces.
e - 6 rations {!d} (gained 1)
You see here a wand of random effects (27).
A worker ant comes into view.
The worker ant twitches its antennae in your direction.
You see here 8 gold pieces.
Attack whom?
Aim: a worker ant You reach to attack!
You hit the worker ant. You closely miss the worker ant.
The worker ant barely misses you. The worker ant bites you.
You hit the worker ant. The worker ant bites you.
You are poisoned.
The worker ant poisons you!
You hit the worker ant but do no damage.
You feel sick. The worker ant closely misses you.
You hit the worker ant. The worker ant bites you.
The worker ant bites you but does no damage.
You barely miss the worker ant.
You feel sick. The worker ant bites you.
* * * LOW HITPOINT WARNING * * *
You see here a wand of random effects (27).
You closely miss the worker ant.
You feel sick. The worker ant bites you.
* * * LOW HITPOINT WARNING * * *
The worker ant completely misses you.
You hit the worker ant but do no damage.
The worker ant bites you.
* * * LOW HITPOINT WARNING * * *
You are lethally poisoned!
The worker ant poisons you!
It was a potion of brilliance.
You feel clever all of a sudden.
* * * LOW HITPOINT WARNING * * *
You feel sick.
The worker ant bites you but does no damage.
It was a potion of agility.
You feel agile all of a sudden.
The worker ant bites you but does no damage.
It was a potion of magic.
Magic courses through your body.
* * * LOW HITPOINT WARNING * * *
You feel sick. The worker ant bites you.
You die...

# .# ..# ###..##
....... .......
######....... #
#..@a$.......
#...#####..##########
..........#####
..#...........##
######.####..####
...# ##....# ..####
####.#
###############.###
..................#


You could see a worker ant.

Vanquished Creatures
  An adder (D:2)
  An ooze (D:1)
  3 dart slugs (D:1)
  A leopard gecko (D:1)
  2 ball pythons (D:1)
  3 bats (D:1)
  2 giant cockroaches (D:1)
  5 goblins (D:1)
  4 hobgoblins (D:1)
  3 kobolds
  2 frilled lizards (D:1)
  A rat (D:1)
28 creatures vanquished.

Notes
Turn   | Place    | Note
-------+----------+-------------------------------------------
     0 | D:1      | MalarOregon the Merfolk Transmuter began the quest for the
                  | Orb.
     0 | D:1      | Reached XP level 1. HP: 15/15 MP: 3/3
    31 | D:1      | Reached XP level 2. HP: 17/21 MP: 5/5
    69 | D:1      | Learned a level 2 spell: Sticks to Snakes
   300 | D:1      | Reached XP level 3. HP: 25/26 MP: 6/6
  1218 | D:2      | Found a glowing golden altar of the Shining One.
  1220 | D:2      | Found an iron altar of Okawaru.
  1266 | D:2      | Reached skill level 1 in Polearms
  1456 | D:2      | Learned a level 3 spell: Spider Form
  1595 | D:2      | You fall through a shaft for 2 floors!
  1634 | D:4      | Slain by a worker ant

Skill      XL: |  1  2  3 |
---------------+----------+-----
Dodging        | 3 |  3.3
Transmutations | 3 |  3.2
Fighting       | 2 |  2.0
Polearms       | 1 |  1.0
Unarmed Combat | |  3.6
Spellcasting   | |  2.3

Action                   || total
-------------------------++-------
Melee: Unarmed           ||    22
       Spear             ||   109
       Headbutt          ||     2
       Punch             ||     2
 Cast: Beastly Appendage ||     4
  Use: Potion            ||     3
 Stab: Sleeping          ||     2
       Distracted        ||     1
  Eat: Chunk             ||     1
Armor: Robe              ||    21
Dodge: Dodged            ||    76
